 Dungeon Crawl Stone Soup version 0.30-a0-168-g0b976cbdc4 (webtiles) character file.

Game seed: 11601546743464231902

6567 KennySheep the Fencer (level 11, -5/67 (68) HPs)
             Began as a Tengu Gladiator on Sept 30, 2022.
             Was an Elder of Fedhas.
             Slain by an orc warrior
             ... wielding a +0 dire flail
              (7 damage)
             ... on level 9 of the Dungeon.
             The game lasted 00:27:35 (10293 turns).

KennySheep the Fencer (Tengu Gladiator)            Turns: 10293, Time: 00:27:36

HP:   -5/67 (68)    AC:  6    Str: 14    XL:     11   Next: 1%
MP:   0/16          EV: 21    Int:  8    God:    Fedhas [****..]
Gold: 298           SH:  0    Dex: 21    Spells: 10/10 levels left

rFire   . . .      SeeInvis .    a - +0 long sword (venom)
rCold   + . .      Faith    .    (no shield)
rNeg    + . .      Spirit   +    x - +2 leather armour {rC+}
rPois   .          Reflect  .    c - +0 hat
rElec   .          Harm     .    (no cloak)
rCorr   .          Rampage  .    n - +0 pair of gloves
Will    +....                    (boots unavailable)
Stlth   +++.......               j - amulet of guardian spirit
HPRegen 0.21/turn                i - ring "Rouffeebb" {rN+ Will+ Slay+3 Stlth+}
MPRegen 0.15/turn                (no ring)

@: mighty, flying quickly and evasively, studying Long Blades, lightly drained,
quick
A: beak, talons 3, nimble flight
a: Renounce Religion, Wall of Briars, Grow Ballistomycete, Overgrow


You were on level 9 of the Dungeon.
You worshipped Fedhas.
Fedhas was greatly pleased with you.
You visited 1 branch of the dungeon, and saw 10 of its levels.

You collected 576 gold pieces.
You spent 278 gold pieces at shops.

Inventory:

Hand Weapons
 a - a +0 long sword of venom (weapon)
Missiles
 e - 5 javelins (quivered)
 k - 5 throwing nets
Armour
 b - a +0 leather armour
 c - a +0 hat (worn)
 n - a +0 pair of gloves (worn)
 x - a +2 leather armour of cold resistance (worn)
Jewellery
 i - the ring "Rouffeebb" (left hand) {rN+ Will+ Slay+3 Stlth+}
   (You acquired it on level 3 of the Dungeon)

   [ring of positive energy]

   Slay:      It affects your accuracy & damage with ranged weapons and melee
   (+3).
   rN:        It protects you from negative energy.
   Will:      It increases your willpower.
   Stlth:     It makes you more stealthy.
 j - an amulet of guardian spirit (around neck)
Wands
 w - a wand of charming (5)
Scrolls
 h - 3 scrolls of immolation
 q - 2 scrolls of blinking
 t - 2 scrolls of fog
 y - 2 scrolls of torment
 z - a scroll of amnesia
 A - a scroll of vulnerability
 B - 2 scrolls of brand weapon
 C - 2 scrolls of fear
 D - 2 scrolls of teleportation
 E - a scroll of enchant armour
 F - a scroll of enchant weapon
 G - a scroll of silence
 H - a scroll of magic mapping
 I - a scroll of noise
Potions
 d - 3 potions of lignification
 f - 5 potions of might
 l - 2 potions of curing
 m - a potion of haste
 o - a potion of resistance
 p - a potion of brilliance
 r - 2 potions of attraction
 s - a potion of heal wounds
 u - 2 potions of berserk rage
 v - a potion of mutation {unknown}


   Skills:
 + Level 7.7 Fighting
 * Level 15.6 Long Blades
 - Level 2.0 Throwing
 + Level 8.8 Dodging
 + Level 6.2 Invocations


You had 10 spell levels left.
You didn't know any spells.
Your spell library contained the following spells:

 Spells                   Type           Power      Damage    Failure   Level
 Foxfire                  Conj/Fire      0%         2x1d4     50%         1
 Slow                     Hex            0%         N/A       50%         1
 Confusing Touch          Hex            0%         N/A       86%         3
 Ignite Poison            Fire/Tmut/Pois 0%         N/A       86%         3
 Kindle Blastsparks       Fire/Tloc/Air  0%         2d10      86%         3
 Mephitic Cloud           Conj/Pois/Air  0%         N/A       86%         3
 Vampiric Draining        Necr           0%         2d6       86%         3
 Fireball                 Conj/Fire      0%         3d3       100%        5
 Freezing Cloud           Conj/Ice/Air   0%         6-21      100%        5
 Simulacrum               Ice/Necr       0%         N/A       100%        6
 Starburst                Conj/Fire      0%         6d3       100%        6
 Polar Vortex             Ice            0%         N/A       100%        9


Dungeon Overview and Level Annotations

Branches:
Dungeon (10/15)            Temple (0/1) D:7            Lair (0/5) D:9
    Orc: D:9-12

Altars:
Ashenzari
Elyvilon
Fedhas
Gozag
Hepliaklqana
Qazlal
Sif Muna
Uskayaw
Vehumet
Wu Jian
The Shining One

Shops:
D:2 [   D:6 ?=!

Annotations:
D:9 Amaemon
D:10 Josephine


Innate Abilities, Weirdness & Mutations

You have a beak for a mouth.
You have claws for feet.
Your magical nature lets you fly swiftly and evasively.


Message History

The wraith barely misses you. The wraith misses you.
Josephine points at you and mumbles some strange words.
The ghostly flame explodes!
The ghostly fireball engulfs you! You partially resist.
You feel drained.
The ghostly fireball engulfs the wraith.
The wraith completely resists.
The wraith completely misses you.
You hear a shout! x3; You hear an angry buzzing noise. x2
An orc comes into view. It is wielding a +0 mace.
Your surroundings suddenly seem different.
The orc moves out of view.
You start to feel less resistant.
There is a stone staircase leading up here.
You fly upwards.
Level annotation: Amaemon The shadow hits you!
There is a stone staircase leading down, spattered with blood here.
An orc comes into view. It is wielding a +0 short sword.
Found a hand axe.
The orc warrior shouts!
You hear a shout!
The shadow closely misses you.
The orc moves out of view.
The shadow slips into darkness.
The shadow flickers and vanishes!
Deactivating autopickup; reactivate with Ctrl-A.
Your resistance to elements expires.
The orc shouts!
Amaemon mumbles some strange words.
The orc warrior completely misses you. The orc completely misses you.
There is a staircase to the Lair here.
The shadow strikes at you from the darkness!
* * * LOW HITPOINT WARNING * * *
Reactivating autopickup.
Amaemon gestures at the scorpion while chanting.
The scorpion seems to grow toxic.
The orc hits you with a +2 whip of holy wrath.
* * * LOW HITPOINT WARNING * * *
The orc warrior hits you with a +0 dire flail!
You die...
Fedhas appreciates your contribution to the ecosystem.

... ###.. ###...#
###.....###
##.........##...
.#...........#...
............)....
.......@.o.........
#.....oWo.....o....
##...........#.#...
##.........##.....
#####...4.####.....
##.....s6..>........
........ss.[.......
#.................
#.......).........


You could see Amaemon, an orange demon (curare), an orc warrior, a shadow, 3
scorpions and 3 orcs.

Vanquished Creatures
  A two-headed ogre (D:8)
  Nergalle (D:10)
  Joseph (D:8)
  A komodo dragon (D:10)
  A hornet (D:10)
  Sigmund (D:2)
  A vampire (D:10)
  3 yaks (D:7)
  3 steam dragons
  2 vampire mosquitoes (D:10)
  A warg (D:9)
  Edmund (D:5)
  A water moccasin (D:6)
  2 orc warriors
  A black bear (D:6)
  2 ogres (D:7)
  3 centaurs
  A phantom (D:6)
  3 kobold brigands
  2 bullfrogs (D:7)
  2 necrophages (D:5)
  A gnoll sergeant (D:7)
  A scorpion (D:4)
  5 wights (D:8)
  6 killer bees (D:8)
  5 howler monkeys
  A gnoll bouda (D:7)
  8 orc priests
  Ijyb (D:5)
  3 iguanas
  12 orc wizards
  17 gnolls
  5 adders
  A shadow imp (D:6)
  2 white imps (D:7)
  An ufetubus (D:5)
  A worm (D:3)
  21 orcs
  7 ball pythons
  4 bats
  4 endoplasms
  7 goblins
  2 hobgoblins
  4 jackals
  22 kobolds
  7 quokkas
  A frilled lizard (D:2)
  5 rats (D:1)
188 creatures vanquished.

Vanquished Creatures (collateral kills)
  2 ballistomycete spores (D:8)
2 creatures vanquished.

Vanquished Creatures (others)
  An orc (D:9)
  A goblin (D:9)
2 creatures vanquished.

Grand Total: 192 creatures vanquished

Notes
Turn   | Place    | Note
-------+----------+-------------------------------------------
     0 | D:1      | KennySheep the Tengu Gladiator began the quest for the Orb.
     0 | D:1      | Reached XP level 1. HP: 12/12 MP: 2/2
   212 | D:1      | Reached XP level 2. HP: 13/17 MP: 3/3
  1056 | D:2      | Reached XP level 3. HP: 22/22 MP: 4/4
  1076 | D:2      | Noticed Sigmund
  1096 | D:2      | Killed Sigmund
  1097 | D:2      | Reached skill level 5 in Long Blades
  1097 | D:2      | Reached XP level 4. HP: 19/28 MP: 5/5
  1097 | D:2      | Gained mutation: Your magical nature lets you fly swiftly
                  | and evasively. [Tengu growth]
  1097 | D:2      | Reached XP level 5. HP: 22/32 MP: 6/6
  1296 | D:2      | Found a faded altar of an unknown god.
  1303 | D:2      | Prayed at the altar of an unknown god.
  1303 | D:2      | Became a worshipper of Fedhas Madash
  1303 | D:2      | Reached * piety under Fedhas
  1486 | D:2      | Found Waiw's Antique Armour Boutique.
  2007 | D:3      | Reached XP level 6. HP: 35/37 MP: 7/7
  2027 | D:3      | HP: 1/37 [gnoll/+0 flail (7)]
  2327 | D:3      | Identified 2 scrolls of acquirement
  2327 | D:3      | Acquired a manual of Long Blades
  2329 | D:3      | Acquired the ring "Rouffeebb" {rN+ Will+ Slay+3 Stlth+}
  2608 | D:3      | Found an ornate altar of the Wu Jian Council.
  2615 | D:3      | Found a broken altar of Ashenzari.
  2621 | D:3      | Found a hide-covered altar of Uskayaw.
  2621 | D:3      | Found a hazy altar of Hepliaklqana.
  2628 | D:3      | Found a white marble altar of Elyvilon.
  2866 | D:4      | Reached skill level 6 in Long Blades
  2866 | D:4      | Reached skill level 1 in Invocations
  2918 | D:4      | Reached ** piety under Fedhas
  3062 | D:4      | Found a radiant altar of Vehumet.
  3159 | D:4      | Found a glowing golden altar of the Shining One.
  3371 | D:5      | Entered Level 5 of the Dungeon
  3411 | D:5      | Noticed Ijyb
  3420 | D:5      | Killed Ijyb
  3464 | D:5      | Identified the +0 ring mail of Moral Flaws {Harm rN+}
  3522 | D:5      | Noticed Edmund
  3531 | D:5      | Killed Edmund
  3532 | D:5      | Reached skill level 7 in Long Blades
  3532 | D:5      | Reached skill level 5 in Dodging
  3532 | D:5      | Reached XP level 7. HP: 25/43 MP: 4/9
  4091 | D:6      | Found Dawnao's Distillery.
  4113 | D:5      | Reached skill level 8 in Long Blades
  4407 | D:6      | Found a blossoming altar of Fedhas.
  4435 | D:6      | Found Ugobraho's Magic Scroll Shoppe.
  4443 | D:6      | Bought a scroll of fear for 48 gold pieces
  4443 | D:6      | Bought a scroll of teleportation for 36 gold pieces
  4443 | D:6      | Bought a scroll of enchant armour for 90 gold pieces
  4443 | D:6      | Bought a scroll of enchant weapon for 90 gold pieces
  4627 | D:6      | Bought a potion of degeneration for 14 gold pieces
  4684 | D:6      | Reached XP level 8. HP: 48/48 MP: 10/10
  4827 | D:6      | Found Pofubeil's Jewellery Boutique.
  4903 | D:6      | Reached skill level 9 in Long Blades
  5024 | D:6      | Found a shimmering blue altar of Sif Muna.
  5189 | D:7      | Reached skill level 5 in Fighting
  5235 | D:7      | Reached skill level 10 in Long Blades
  5719 | D:7      | Found an opulent altar of Gozag.
  5994 | D:7      | Reached XP level 9. HP: 49/54 MP: 10/12
  5997 | D:7      | Reached *** piety under Fedhas
  6045 | D:7      | Identified the +1 leather armour "Kote Fyf" {Str-4 Int+8
                  | SInv}
  6365 | D:7      | Found a staircase to the Ecumenical Temple.
  6427 | D:7      | Reached skill level 11 in Long Blades
  6903 | D:8      | Reached skill level 12 in Long Blades
  7375 | D:8      | Noticed a two-headed ogre
  7399 | D:8      | Killed a two-headed ogre
  7400 | D:8      | Reached skill level 13 in Long Blades
  7400 | D:8      | Reached skill level 5 in Invocations
  7400 | D:8      | Reached XP level 10. HP: 10/61 MP: 3/14
  7762 | D:8      | Noticed Joseph
  7778 | D:8      | Killed Joseph
  8390 | D:8      | Found a stormy altar of Qazlal.
  8472 | D:8      | Reached skill level 14 in Long Blades
  8761 | D:8      | Reached **** piety under Fedhas
  9524 | D:9      | Noticed an orange demon
  9524 | D:9      | Noticed Amaemon
  9547 | D:9      | Found a staircase to the Lair.
  9553 | D:10     | Entered Level 10 of the Dungeon
  9832 | D:10     | Reached skill level 15 in Long Blades
 10210 | D:10     | Noticed Nergalle
 10219 | D:10     | Noticed a skeletal warrior
 10221 | D:10     | Noticed a skeletal warrior
 10223 | D:10     | Noticed a skeletal warrior
 10223 | D:10     | Noticed a skeletal warrior
 10245 | D:10     | Killed Nergalle
 10246 | D:10     | Reached XP level 11. HP: 25/68 MP: 3/16
 10254 | D:10     | Noticed Josephine
 10293 | D:9      | HP: 2/67 [orc/+2 whip of holy wrath (2)]
 10293 | D:9      | Slain by an orc warrior

Illustrated notes

Levels and vault maps discovered:
D:1:      co_arrival_random_square_maze, layout_loops_cross, skrybe_limestone_x
D:2:      layout_rooms, nicolae_ecumenical_lake_church, serial_shops, shop,
          dreamdust_wishing_well, kennysheep_minor_cross, uniq_sigmund
D:3:      wad_woods_tower, layout_basic, nicolae_overflow_hallway_of_the_gods,
          minmay_fountain_box
D:4:      layout_cave_pools, mainiacjoe_overflow_alcove_4,
          mainiacjoe_overflow_24_doors
D:5:      layout_basic, uniq_edmund, uniq_ijyb
D:6:      layout_rooms, lemuel_blue_sif_altar, fedhas_altar_3, serial_shops,
          nicolae_shop_advertising_works [nicolae_subvault_shop_adworks], shop,
          nicolae_shop_behind_doors
D:7:      layout_basic, nicolae_gozag_cash_rules_everything_around_me,
          minmay_temple_entry_statues_pillars
D:8:      layout_basic, nicolae_qazlal_eye_of_the_storm,
          david_defended_altar_orc, uniq_joseph
D:9:      layout_layer_cave, erik_lair_orcish_takeover, orc_0_dummy,
          enter_bailey_5, hellmonk_bongcloud_opening, minmay_misc_feat_columns,
          uniq_amaemon
D:10:     layout_small_grid, minitemple, uniq_nergalle, uniq_josephine

Skill      XL: |  1  2  3  4  5  6  7  8  9 10 |
---------------+-------------------------------+-----
Fighting       | 3 4 5 6 7 |  7.7
Long Blades    | 5 7 8 10 13 15 | 15.6
Dodging        | 4 5 6 7 8 |  8.8
Invocations    | 1 2 3 5 6 |  6.2
Throwing       | |  2.0

Action                   |  1- 3 |  4- 6 |  7- 9 | 10-12 || total
-------------------------+-------+-------+-------+-------++-------
Melee: Long sword        |    51 |    95 |   197 |   157 ||   500
       Peck              |     5 |    15 |    42 |    31 ||    93
       Kick              |     4 |    23 |    71 |    50 ||   148
       Punch             |       |     2 |     1 |     1 ||     4
Throw: Throwing net      |     3 |       |       |       ||     3
Invok: Grow Ballistomyce |       |       |     1 |       ||     1
  Use: Scroll            |       |     5 |     6 |     4 ||    15
       Potion            |       |     3 |     3 |     3 ||     9
 Stab: Sleeping          |     1 |     8 |     4 |     3 ||    16
       Distracted        |       |       |       |     1 ||     1
Armor: Leather armour    |     8 |    12 |    24 |    27 ||    71
Dodge: Dodged            |    28 |    83 |   149 |   200 ||   460

Table legend: (Time is in decaauts)
 A = Elapsed time spent in this place.
 B = Non-inter-level travel time spent in this place.
 C = Inter-level travel time spent in this place.
 D = Time resting spent in this place.
 E = Time spent auto-exploring this place.
 F = Levels seen in this place.
 G = Mean time per level.
                   A        B        C        D        E       F      G
               +--------+--------+--------+--------+--------+-----+--------+
         Total |   9834 |   9599 |    235 |   2764 |   5589 |  10 |  983.4 |
       Dungeon |   9834 |   9599 |    235 |   2764 |   5589 |  10 |  983.4 |
               +--------+--------+--------+--------+--------+-----+--------+

Top non-repeatable levels by time:
     D:8: 2189 daAuts
     D:7: 1667 daAuts
     D:1: 1046 daAuts
     D:3: 1021 daAuts
     D:5: 960 daAuts
    D:10: 693 daAuts
     D:6: 637 daAuts
     D:2: 613 daAuts
     D:4: 571 daAuts
     D:9: 432 daAuts
